 Dungeon Crawl Stone Soup version 0.32-a0-540-g866d13106e (console) character file.

Game seed: 1205603122684983592

181 zenocrate the Insei (level 5, -7/35 HPs)
             Began as an Octopode Shapeshifter on Feb 28, 2024.
             Splashed by a jelly's acid (9 damage)
             ... on level 4 of the Dungeon.
             The game lasted 00:02:59 (2851 turns).

zenocrate the Insei (Octopode Shapeshifter)         Turns: 2851, Time: 00:03:00

Health: -7/35      AC: -3    Str: 13    XL:     5   Next: 61%
Magic:  5/5        EV: 14    Int: 12    God:
Gold:   186        SH:  0    Dex: 14    Spells: 4/4 levels left

rFire   . .          .
                       - Unarmed
rCold   . . .        (no shield)
rNeg    . . .        (helmet currently unavailable)
rPois   .            (no amulet)
rElec   .            (no ring)
rCorr   .            (no ring)
SInv    .            (no ring)
Will    .....        (no ring)
Stlth   +++          (no ring)
HPRegen 0.25/turn    (no ring)
MPRegen 0.09/turn    (no ring)
                     (no ring)

%: no passive effects
@: beast-form, corroded
A: beast (slay +2), almost no armour, amphibious, 8 rings, camouflage 1,
gelatinous body 1, (nimble swimmer 1), tentacles
a: Begin Untransformation


You were on level 4 of the Dungeon.
You were a hulking beast.
You visited 1 branch of the dungeon, and saw 4 of its levels.

You collected 186 gold pieces.

Inventory:

Armour
 d - a +0 buckler
Jewellery
 t - a ring of flight
 v - a ring of fire
Talismans
 b - a beast talisman (active)
 c - a flux talisman
Wands
 y - a wand of roots (4)
Scrolls
 h - 2 scrolls of teleportation {unknown}
 n - a scroll of blinking {unknown}
 o - a scroll of butterflies {unknown}
 p - a scroll of enchant armour {unknown}
 q - a scroll of immolation {unknown}
 s - a scroll of fear {unknown}
 w - a scroll of enchant weapon {unknown}
 x - a scroll of silence {unknown}
Potions
 e - 2 potions of curing
 f - a potion of cancellation
 g - 2 potions of brilliance
 i - a potion of mutation
 j - a potion of enlightenment
 k - a potion of berserk rage {unknown}
 l - a potion of degeneration {unknown}
 m - a potion of heal wounds {unknown}
 r - a potion of attraction {unknown}
 u - a potion of magic {unknown}


   Skills:
 + Level 2.3 Fighting
 + Level 2.9 Dodging
 + Level 3.0 Stealth
 - Level 0.4 Shields
 * Level 4.0 Unarmed Combat
 + Level 3.5 Shapeshifting


You had 4 spell levels left.
You didn't know any spells.
Your spell library contained the following spells:

 Spells                   Type           Power      Damage    Failure   Level
 Freeze                   Ice            0%         1d3       32%         1
 Shock                    Conj/Air       0%         1d3       32%         1
 Frozen Ramparts          Ice            0%         1d1       69%         3
 Fugue of the Fallen      Necr           0%         N/A       69%         3
 Hailstorm                Conj/Ice       0%         3d5       69%         3
 Inner Flame              Hex/Fire       0%         N/A       69%         3
 Summon Ice Beast         Ice/Summ       0%         N/A       69%         3
 Swiftness                Air            0%         N/A       69%         3
 Airstrike                Air            0%         2d(0-16)  97%         4
 Flame Wave               Conj/Fire      0%         2d4       97%         4
 Fireball                 Conj/Fire      0%         3d3       100%        5
 Irradiate                Conj/Alch      0%         3d11      100%        5
 Sculpt Simulacrum        Ice/Alch       0%         N/A       100%        6
 Ignition                 Fire           0%         3d3       100%        8
 Infestation              Necr           0%         N/A       100%        8


Dungeon Overview and Level Annotations

Branches:
Dungeon (4/15)
 Temple: D:4-7

Altars:

Shops:
D:3 (

Annotations:
D:1 2 transporters


Innate Abilities, Weirdness & Mutations

You are a hulking beast.
Your limbs bulge with bestial killing power. (Slay +2)
You cannot wear most types of armour.
You are amphibious.
You can wear up to eight rings at the same time.
Your skin changes colour to match your surroundings (Stealth+).
Your rubbery body absorbs attacks. (AC +1, EV +1)
((You are camouflaged when in or above water. (Stealth+)))
You have tentacles for arms and can constrict up to eight enemies at once.


Message History

The sleepcap releases spores at you.
Unknown command.
You hit the sleepcap.
The sleepcap is almost destroyed.
Unknown command.
You smack the sleepcap!
You destroy the sleepcap!
Your Stealth skill increases to level 3!
Your Unarmed Combat skill increases to level 4!
Unknown command.
You hear a distant slurping noise.
Your transformation is almost over.
You hear a slurping noise.
The jelly eats the door!
A jelly comes into view.
The jelly quivers.
You smack the jelly!
Your branches burn!
The jelly is heavily wounded.
You feel less wooden.
You turn into a hulking beast.
The jelly hits you.
You are splashed with acid!
* * * LOW HITPOINT WARNING * * *
Unknown command.
You bludgeon the jelly!
Your tentacles burn!
* * * LOW HITPOINT WARNING * * *
The jelly is heavily wounded.
The jelly closely misses you.
A quokka comes into view.
Unknown command.
Okay, then.
Okay, then.
Okay, then.
Okay, then.
You bludgeon the jelly!
Your tentacles burn!
* * * LOW HITPOINT WARNING * * *
You tentacle-slap the jelly.
The jelly is almost dead.
The jelly hits you.
* * * LOW HITPOINT WARNING * * *
The acid corrodes you!
You are splashed with acid!
You die...

+..........
#..........
#..##..####
#...##.####..##..##..
#....r..+.........#..
#.......#..>......'..
.......#.........#..
..... #.........#..
... #....######†)
####J####....#.......
#...h........#.......
#......##....#.......
#.....[##....#.......
#########....#.......
#..†.######..
#.........#..
#.........'..
#.........#..
###..####.#.. #..#
##### #...


You could see a jelly and a quokka.

Vanquished Creatures
  A hound (D:4)
  A sleepcap (D:4)
  Jessica (D:3)
  A gnoll (D:1)
  An adder (D:4)
  2 dart slugs
  A ribbon worm (D:2)
  6 ball pythons
  7 endoplasms
  4 giant cockroaches
  11 goblins
  6 hobgoblins
  4 jackals (D:3)
  5 kobolds
  4 quokkas
  6 bats
  3 frilled lizards
  3 rats
67 creatures vanquished.

Notes
Turn   | Place    | Note
-------+----------+-------------------------------------------
     0 | D:1      | zenocrate the Octopode Shapeshifter began the quest for the
                  | Orb.
     0 | D:1      | Reached XP level 1. HP: 13/13 MP: 1/1
    53 | D:1      | Reached skill level 1 in Stealth
    53 | D:1      | Reached XP level 2. HP: 18/18 MP: 2/2
   238 | D:1      | Reached XP level 3. HP: 23/23 MP: 3/3
  1410 | D:3      | Reached XP level 4. HP: 29/29 MP: 4/4
  1889 | D:3      | Found Wala's Antique Weapon Shop.
  1946 | D:3      | Noticed Jessica
  1952 | D:3      | Killed Jessica
  1978 | D:3      | Got the Exposition on the Burn and Exhumation
  2682 | D:4      | Reached XP level 5. HP: 21/34 MP: 5/5
  2801 | D:4      | Reached skill level 4 in Unarmed Combat
  2851 | D:4      | Splashed by a jelly's acid

Illustrated notes

Levels and vault maps discovered:
D:1:      spicycebolla_arrival_transporter_tutorial, layout_rooms,
          minmay_misc_feat_five
D:2:      layout_loops_corners
D:3:      layout_basic, serial_shops, nicolae_diamond_shop, feat_on_display,
          uniq_jessica
D:4:      layout_gridville, minmay_temple_entry_antechambers,
          chequers_serial_rivers_room_b

Skill      XL: |  1  2  3  4  5 |
---------------+----------------+-----
Stealth        | 1 2 3 |  3.0
Fighting       | 2 |  2.3
Unarmed Combat | 4 |  4.0
Dodging        | |  2.9
Shields        | |  0.4
Shapeshifting  | |  3.5

Action                     |  1- 3 |  4- 6 || total
---------------------------+-------+-------++-------
  Melee: Unarmed           |    58 |    62 ||   120
         Constrict         |    18 |    13 ||    31
         Tentacles         |    10 |    10 ||    20
         Punch             |       |     3 ||     3
    Use: Scroll            |     4 |     2 ||     6
         Potion            |       |     1 ||     1
   Stab: Sleeping          |     9 |     6 ||    15
 Armour: Skin              |    26 |    24 ||    50
  Dodge: Dodged            |    22 |    29 ||    51

Table legend: (Time is in decaauts)
 A = Elapsed time spent in this place.
 B = Non-inter-level travel time spent in this place.
 C = Inter-level travel time spent in this place.
 D = Time resting spent in this place.
 E = Time spent auto-exploring this place.
 F = Levels seen in this place.
 G = Mean time per level.
                   A        B        C        D        E       F      G
               +--------+--------+--------+--------+--------+-----+--------+
         Total |   2842 |   2792 |     50 |     96 |   2241 |   4 |  710.5 |
       Dungeon |   2842 |   2792 |     50 |     96 |   2241 |   4 |  710.5 |
               +--------+--------+--------+--------+--------+-----+--------+

Top non-repeatable levels by time:
     D:3: 936 daAuts
     D:2: 931 daAuts
     D:4: 505 daAuts
     D:1: 468 daAuts
